 Dungeon Crawl Stone Soup version 0.30-a0-169-g06f667207d (webtiles) character file.

Game seed: 2122812891723693798

49 qw the Chopper (level 3, -1/23 HPs)
             Began as a Gargoyle Fighter on Sept 29, 2022.
             Killed from afar by Robin (7 damage)
             ... with a bolt of dispelling energy
             ... on level 2 of the Dungeon.
             The game lasted 00:00:24 (1021 turns).

qw the Chopper (Gargoyle Fighter)                   Turns: 1021, Time: 00:00:25

Health: -1/23      AC: 10    Str: 21    XL:     3   Next: 75%
Magic:  3/3        EV:  9    Int:  8    God:
Gold:   25         SH:  4    Dex:  9    Spells: 2/2 levels left

rFire   . . .      SeeInvis .    Y - +0 war axe
rCold   . . .      Faith    .    c - +0 buckler
rNeg    + . .      Spirit   .    b - +0 scale mail
rPois   inf        Reflect  .    (no helmet)
rElec   +          Harm     .    (no cloak)
rCorr   .          Rampage  .    (no gloves)
Will    .....                    (no boots)
Stlth   ..........               p - amulet of regeneration
HPRegen 0.87/turn                (no ring)
MPRegen 0.08/turn                (no ring)

@: weak-willed
A: sickness immunity, AC +3, negative energy resistance 1, electricity
resistance, torment resistance 1, petrification resistance
a: no special abilities


You were on level 2 of the Dungeon.
You visited 1 branch of the dungeon, and saw 2 of its levels.

You collected 25 gold pieces.


Innate Abilities, Weirdness & Mutations

You are immune to sickness and miasma.
Your stone body is resilient. (AC +3)
You are immune to poison.
You resist negative energy. (rN+)
You are resistant to electric shocks. (rElec)
You are resistant to unholy torment.
You are immune to petrification.


   Skills:
 - Level 3.2 Fighting
 + Level 3.6 Axes
 - Level 3.2 Armour
 - Level 3.2 Shields


You had 2 spell levels left.
You didn't know any spells.
Your spell library was empty.

Inventory:

Hand Weapons
 q - a +0 whip
 Y - a +0 war axe (weapon)
Armour
 b - a +0 scale mail (worn)
 c - a +0 buckler (worn)
Jewellery
 p - an amulet of regeneration (around neck)
Potions
 d - a potion of might
 g - a potion of mutation {unknown}
 j - a potion of heal wounds {unknown}
 l - a potion of berserk rage {unknown}
 m - a potion of degeneration {unknown}
 o - a potion of ambrosia {unknown}

Dungeon Overview and Level Annotations

Branches:
Dungeon (2/15)

Altars:

Annotations:
D:2 Robin


Message History

The hobgoblin closely misses you. The goblin hits you with a +0 club.
The hobgoblin hits you but does no damage.
You closely miss the hobgoblin. You hit the goblin.
The goblin hits you with a +0 club.
The hobgoblin hits you but does no damage.
You slash the goblin!
You kill the goblin!
You barely miss the hobgoblin. The goblin hits you with a +0 club.
The hobgoblin hits you but does no damage.
You closely miss the goblin. You barely miss the hobgoblin.
The hobgoblin hits you. The goblin hits you but does no damage.
Robin hits you from afar with a +0 spear.
You hit the goblin.
The goblin is heavily wounded.
You slash the hobgoblin!
You kill the hobgoblin!
Robin hits you but does no damage.
You closely miss the goblin.
The goblin is heavily wounded.
You closely miss the hobgoblin. Robin hits you but does no damage.
The goblin hits you but does no damage. The hobgoblin hits you.
The goblin hits you but does no damage.
Robin says, "Bow before me, strongest of all the hobgoblins!"
Robin hits you but does no damage. The hobgoblin misses you.
You hit the goblin.
You kill the goblin!
You hit the hobgoblin.
You kill the hobgoblin!
Robin hits you but does no damage.
You hit the rat.
You kill the rat!
Robin barely misses you. Robin hits you but does no damage.
There is a stone staircase leading up, spattered with blood here.
Items here: %% )))).
You barely miss Robin.
Robin zaps a wand.
The bolt of dispelling energy hits you!
Your magical effects are unravelling.
You die...

#.# #.#
#.# #..
#.# #.#
.#######)#
.......@.#
#.....g###
#......
#.....(
#......
#......
#......
#......


You could see Robin.

Vanquished Creatures
  2 dart slugs (D:1)
  2 endoplasms (D:1)
  13 goblins
  9 hobgoblins
  2 kobolds (D:1)
  4 ball pythons (D:1)
  3 bats (D:1)
  2 rats
37 creatures vanquished.

Notes
Turn   | Place    | Note
-------+----------+-------------------------------------------
     0 | D:1      | qw the Gargoyle Fighter began the quest for the Orb.
     0 | D:1      | Reached XP level 1. HP: 14/14 MP: 1/1
     0 | D:1      | 0 ||| qw: Version: 0.2-a-12-gaebbb33
     0 | D:1      | 0 ||| qw: Game counter: 1326
     0 | D:1      | 0 ||| qw: Always use a shield: true
     0 | D:1      | 0 ||| qw: God list: Okawaru
     0 | D:1      | 0 ||| qw: Allow faded altars: false
     0 | D:1      | 0 ||| qw: Do Orc after D:15 true
     0 | D:1      | 0 ||| qw: Do second Lair branch before Depths: true
     0 | D:1      | 0 ||| qw: Lair rune preference: random
     0 | D:1      | 0 ||| qw: Plans: Normal, Zot:1-4, God:TSO, Crypt, Tomb,
                  | Pan, Slime:5, Hells, Abyss, Orb
     0 | D:1      | 0 ||| PLANNING D:1-11
    15 | D:1      | 15 ||| Stepping ~*~*~tactically~*~*~ (stealth).
    74 | D:1      | 74 ||| Stepping ~*~*~tactically~*~*~ (stealth).
    76 | D:1      | 76 ||| Stepping ~*~*~tactically~*~*~ (stealth).
   146 | D:1      | Reached XP level 2. HP: 13/19 MP: 2/2
   548 | D:1      | Reached skill level 3 in Axes
   622 | D:1      | Reached XP level 3. HP: 23/23 MP: 3/3
   836 | D:1      | 836 ||| DROPPING +0 club.
   840 | D:1      | Found a faded altar of an unknown god.
   977 | D:1      | 977 ||| UPGRADING to amulet of regeneration.
   982 | D:1      | 982 ||| READING scroll labelled WUGAAST OKHLE.
   987 | D:1      | 987 ||| READING scroll labelled COYLA TODUN.
   988 | D:1      | 988 ||| READING scroll labelled URORESTROEF.
   989 | D:1      | 989 ||| READING scroll labelled COFAEL ZO UTIA.
   990 | D:1      | 990 ||| READING scroll labelled IDEUCIT HUDAIM.
   996 | D:2      | Noticed Robin
   997 | D:2      | 997 ||| Stepping ~*~*~tactically~*~*~ (hiding).
  1015 | D:2      | HP: 5/23 [Robin/+0 spear (3)]
  1017 | D:2      | HP: 1/23 [hobgoblin[Robin] (6)]
  1021 | D:2      | Killed from afar by Robin

Levels and vault maps discovered:
D:1:      minmay_arrival_wavy_path, layout_basic,
          hellmonk_ecumenical_altar_heavens_door, minmay_pentomino_w4
D:2:      layout_loops_cross, corexii_corridor_pit, minmay_tiny_reverse_x,
          uniq_robin

Skill      XL: |  1  2 |
---------------+-------+-----
Axes           | 2 3 |  3.6
Fighting       | |  3.2
Armour         | |  3.2
Shields        | |  3.2

Action                   || total
-------------------------++-------
Melee: War axe           ||    70
  Use: Scroll            ||     5
Armor: Scale mail        ||    29
Dodge: Dodged            ||    27
Block: Buckler           ||    15

Table legend:
 A = Non-vault XP
 B = Vault XP
 C = Vault XP percentage of total XP
 D = Non-vault monster count
 E = Vault monster count
 F = Vault count percentage of total count
                 A         B        C        D         E       F
            +---------+---------+-------+---------+---------+-------
      Total |      42 |      28 |  40.0 |      22 |      15 |  40.5
            +---------+---------+-------+---------+---------+-------
        D:1 |      39 |       9 |  18.8 |      20 |       5 |  20.0
        D:2 |       3 |      19 |  86.4 |       2 |      10 |  83.3
            +---------+---------+-------+---------+---------+-------
